 Dungeon Crawl Stone Soup version 0.32-a0-22-g6ae6769602 (webtiles) character file.

Game seed: 10188263307715770195

311704 Azoth the Devastator (level 20, 0/152 HPs)
             Began as a Pale Draconian Conjurer on Jan 17, 2024.
             Was the Champion of Jiyva.
             Killed from afar by a deep elf elementalist (33 damage)
             ... with a fireball
             ... on level 3 of the Elven Halls on Jan 18, 2024.
             The game lasted 03:42:08 (66546 turns).

Azoth the Devastator (Pale Draconian Conjurer)     Turns: 66546, Time: 03:42:08

Health: 0/152      AC: 19    Str: 11    XL:     20   Next: 4%
Magic:  12/42      EV: 35    Int: 33    God:    Jiyva [******]
Gold:   2034       SH:  0    Dex: 15    Spells: 27/56 levels left

rFire   . . .        t - +4 dire flail "Xyrischi" {flame, rC+ Will- Int+4}
rCold   + . .        (shield currently unavailable)
rNeg    . . .        (body armour unavailable)
rPois   .            c - +2 hat {SInv}
rElec   .            p - +2 cloak
rCorr   +            H - +2 pair of gloves of Resourcefulness {rF- Int+3}
SInv    +            (boots unavailable)
Will    +....        N - amulet of Liberalism {Acrobat Will+ Regen+ Str+3}
Stlth   +++++        i - ring "Zies" {Fire Slay+4}
HPRegen 2.85/turn    r - ring of wizardry
MPRegen 1.08/turn

%: acrobat, resist mutation, wizardry (x1)
@: acrobatic
A: breathe steam, AC +10, unfitting armour, cold-blooded, steam resistance,
hooves 3, stinger 3, agile 1, cold resistance 1, mutation resistance 3,
gelatinous body 1, jelly sensing items, jelly absorbing missiles, MP-powered
wands
}: 3/15 runes: decaying, serpentine, slimy
a: Breathe Steam, Renounce Religion, Oozemancy, Slimify


You were on level 3 of the Elven Halls.
You worshipped Jiyva.
Jiyva was exalted by your worship.
You visited 7 branches of the dungeon, and saw 38 of its levels.
You also visited: Ossuary, Bailey, Gauntlet and Ice Cave.

You collected 3666 gold pieces.
You spent 1632 gold pieces at shops.

Inventory:

Hand Weapons
 j - the +6 morningstar "Qixavez" {drain, ^Drain rPois Will++ SInv}
   (You found it on level 5 of the Lair of Beasts)

   rPois:     It protects you from poison Will++: It greatly increases your
   willpower.
   SInv:      It lets you see invisible.
   ^Drain:    It drains your maximum health when unequipped.
 t - the +4 dire flail "Xyrischi" (weapon) {flame, rC+ Will- Int+4}
   (You found it on level 4 of the Dungeon)

   Int+4:     It affects your intelligence (+4).
   rC+:       It protects you from cold.
   Will-:     It decreases your willpower.
 T - a +2 demon whip of protection
Armour
 c - a +2 hat of see invisible (worn)
 f - the +1 pair of boots "Ziekuz" {Will+}
   (You acquired it on level 15 of the Dungeon)

   Will+:     It increases your willpower.
 p - a +2 cloak (worn)
 H - the +2 pair of gloves of Resourcefulness (worn) {rF- Int+3}
   (You acquired it in a bailey)

   Int+3:     It affects your intelligence (+3).
   rF-:       It makes you vulnerable to fire.
Jewellery
 a - a ring of protection from fire
 d - a ring of protection from fire
 i - the ring "Zies" (left hand) {Fire Slay+4}
   (You found it on level 4 of the Lair of Beasts)

   [ring of fire]

   Fire:      It enhances your fire magic.
   Slay+4:    It affects your accuracy & damage with ranged weapons and melee
   (+4).
   rF+:       It protects you from fire.
   rC-:       It makes you vulnerable to cold.
 o - a +4 ring of protection
 r - a ring of wizardry (right hand)
 x - a ring of willpower
 I - a ring of protection from cold
 J - a ring of protection from cold
 M - the amulet "Temew" {Fly Regen+ Str+3}
   (You found it on level 5 of the Pits of Slime)

   [amulet of regeneration]

   Str+3:     It affects your strength (+3).
   Fly:       It grants you flight.
   Regen+:    It increases your rate of health regeneration.
 N - the amulet of Liberalism (around neck) {Acrobat Will+ Regen+ Str+3}
   (You found it on level 3 of the Swamp)

   [amulet of the acrobat]

   Acrobat:   It increases your evasion while moving and waiting.
   Str+3:     It affects your strength (+3).
   Will+:     It increases your willpower.
   Regen+:    It increases your rate of health regeneration.
Wands
 e - a wand of digging (3)
 h - a wand of quicksilver (4)
 y - a wand of polymorph (30)
 O - a wand of roots (10)
 Q - a wand of paralysis (11)
 Y - a wand of flame (17)
Scrolls
 b - 5 scrolls of fog
 l - 3 scrolls of vulnerability
 m - 4 scrolls of poison
 n - 3 scrolls of fear
 E - a scroll of enchant armour
 G - 2 scrolls of teleportation
 X - a scroll of revelation
Potions
 g - 8 potions of enlightenment
 k - 2 potions of heal wounds
 q - 7 potions of curing
 u - 2 potions of berserk rage
 w - 3 potions of attraction
 z - a potion of ambrosia
 A - 2 potions of haste
 B - 3 potions of might
 C - a potion of invisibility
 P - 3 potions of lignification
 Z - a potion of magic
Miscellaneous
 s - a phantom mirror (inert)
 v - a tin of tremorstones (2/2)
 S - a box of beasts


   Skills:
 + Level 7.3 Fighting
 + Level 0.4 Short Blades
 + Level 8.0 Maces & Flails
 + Level 0.4 Throwing
 * Level 13.2 Dodging
 * Level 13.2 Stealth
 + Level 3.8 Shields
 * Level 18.5 Spellcasting
 * Level 20.2 Conjurations
 + Level 0.7 Summonings
 + Level 7.0 Translocations
 + Level 0.5 Fire Magic
 + Level 1.2 Ice Magic
 + Level 4.5 Evocations


You had 27 spell levels left.
You knew the following spells:

 Your Spells              Type           Power      Damage    Failure   Level
a - Magic Dart            Conj           100%       1d8       0%          1
b - Searing Ray           Conj           100%       2d8       0%          2
c - Iskenderun's Mystic   Conj/Tloc      88%        2d17      1%          4
d - Ozocubu's Armour      Ice            38%        N/A       1%          3
e - Orb of Destruction    Conj           52%        9d13      1%          7
f - Spellforged Servitor  Conj/Summ      39%        N/A       6%          7
g - Fireball              Conj/Fire      49%        3d19      1%          5

Your spell library contained the following spells:

 Spells                   Type           Power      Damage    Failure   Level
 Apportation              Tloc           100%       N/A       1%          1
 Necrotise                Necr           100%       1d9       1%          1
 Sandblast                Erth           60%        2d14      1%          1
 Slow                     Hex            100%       N/A       1%          1
 Summon Small Mammal      Summ           100%       N/A       1%          1
 Cigotuvi's Dreadful Rot  Necr/Alch/Air  60%        N/A       1%          2
 Ensorcelled Hibernation  Hex/Ice        68%        N/A       1%          2
 Jinxbite                 Hex            60%        N/A       1%          2
 Mercury Vapours          Alch/Air       60%        N/A       1%          2
 Call Canine Familiar     Summ           35%        N/A       1%          3
 Confusing Touch          Hex            30%        N/A       1%          3
 Fugue of the Fallen      Necr           30%        N/A       1%          3
 Passwall                 Erth           30%        N/A       1%          3
 Sigil of Binding         Hex            30%        N/A       1%          3
 Stone Arrow              Conj/Erth      100%       3d13      1%          3
 Swiftness                Air            30%        N/A       1%          3
 Vampiric Draining        Necr           30%        2d8       1%          3
 Brom's Barrelling Bould  Conj/Erth      78%        2d9       1%          4
 Fulminant Prism          Conj/Alch      39%        3d17      1%          4
 Manifold Assault         Tloc           67%        N/A       1%          4
 Arcjolt                  Conj/Air       39%        1d49      1%          5
 Dispel Undead            Necr           30%        3d14      4%          4
 Martyr's Knell           Necr/Summ      32%        N/A       4%          4
 Summon Blazeheart Golem  Fire/Summ      51%        N/A       4%          4
 Metabolic Englaciation   Hex/Ice        17%        N/A       11%         5
 Summon Mana Viper        Hex/Summ       32%        N/A       12%         5
 Alistair's Intoxication  Alch           20%        N/A       13%         5
 Curse of Agony           Necr           30%        N/A       13%         5
 Yara's Violent Unravell  Hex/Alch       15%        3d8       13%         5
 Lehudib's Crystal Spear  Conj/Erth      39%        10d10     43%         8
 Death Channel            Necr           15%        N/A       56%         6
 Chain Lightning          Conj/Air       39%        3d52      99%         9
 Borgnjor's Revivificati  Necr           15%        N/A       100%        8
 Discord                  Hex            15%        N/A       100%        8
 Polar Vortex             Ice            19%        12d2*     100%        9
 Animate Armour           Summ/Erth      Unusable   N/A       N/A         4

Dungeon Overview and Level Annotations

Branches:
Dungeon (15/15)            Temple (0/1) D:6            Lair (5/5) D:10
  Swamp (4/4) Lair:3        Snake (4/4) Lair:2        Slime (5/5) Lair:4
    Orc (2/2) D:10            Elf (3/3) Orc:2        Vaults (0/5) D:14
 Depths (0/4) D:15        Ossuary (visited)          Bailey (visited)
  IceCv (visited)         Gauntlet (visited)

Altars:
Dithmenos
Elyvilon
Fedhas
Makhleb
Qazlal
Wu Jian
Xom
Zin
The Shining One
Jiyva

Shops:
D:1 *   D:13 !   Orc:2 *!*(   Elf:1 (   Elf:2 *![(?   Elf:3 **!=[

Annotations:
Snake:3 Vashnia
Snake:4 Roxanne
Slime:5 Royal Jelly


Innate Abilities, Weirdness & Mutations

You can breathe blasts of scalding, opaque steam.
Your pale cyan-grey scales are hard. (AC +10)
You cannot fit into any form of body armour.
You are cold-blooded and may be slowed by cold attacks.
You are immune to the effects of steam.
You have hooves in place of feet.
Your tail ends in a wickedly sharp and venomous barb.
You are agile. (Dex +4, Str/Int -1)
Your flesh is cold resistant. (rC+)
You are almost entirely resistant to further mutation and mutation removal.
Your rubbery body absorbs attacks. (AC +1, EV +1)
You have a small jelly attached to you that senses nearby items.
You have a small jelly attached to you that may absorb projectiles.
You expend magic power (3 MP) to strengthen your wands.


Message History

The bolt of lightning hits you!!
You hear a shout! x8
The orb of destruction hits the deep elf sorcerer!!!
You blow up the deep elf sorcerer!
The orb of destruction hits the deep elf annihilator!!!
You blow up the deep elf annihilator!
Your life force feels restored.
A deep elf high priest, a deep elf elementalist and a deep elf pyromancer come into view.
The deep elf high priest is wielding a +1 executioner's axe of electrocution and wearing the ring of Atov Efa {Fly Will++ Dex+2}.
The deep elf elementalist is wielding a +6 long sword of draining.
The deep elf high priest intones a terrible prayer.
A deep elf elementalist comes into view.
It is wielding a +0 long sword.
Things that are here:
24 gold pieces; a +0 long sword; a +0 rapier
Okay, then.
The deep elf high priest utters an invocation to its god.
The deep elf high priest begins emitting a brilliant aura!
The deep elf high priest invokes the aid of its god against you.
The sphere of damnation explodes!
The damnation engulfs you!!
The deep elf elementalist casts a spell next to you.
The wall shatters!
The blast of rock fragments hits you!
The deep elf high priest utters a dark prayer and points at you.
Your life force is offered up.
The deep elf high priest mumbles some strange prayers to its god against you.
The sphere of damnation explodes!
The damnation engulfs you!!
The deep elf pyromancer mumbles some strange words.
The deep elf pyromancer blinks!
You hear a shout!
The deep elf pyromancer gestures wildly while chanting.
The deep elf pyromancer blinks!
The deep elf elementalist points next to you and mumbles some strange words.
The wall shatters!
The blast of rock fragments hits you!!!
The orb of destruction hits the deep elf high priest!!
The deep elf high priest is heavily wounded.
The deep elf elementalist gestures at you while chanting.
The fireball explodes!
The fireball engulfs you!!
* * * LOW HITPOINT WARNING * * *
A deep elf blademaster comes into view. It is wielding two +0 rapiers.
The deep elf elementalist casts a spell at you.
The fireball explodes!
The fireball engulfs you!!
You die...

.# #e.# .# #e.# .#### ∆∆∆∆∆ ∆∆
#..# .##.# ∆ ∆∆∆ ∆∆ #e.# ....#
∆ ∆ #..# ....# #..#
#...########### ########).##
..............###...)eee)..#
..........###.#.@.....##.#)#
#.......###
#.#.#.##..e....###### ##......#
#.....######..)[..[.. ##.....#
###.....#############
####....###########.#....JJJJ.#
#
..###...##..........e.........#
#
..###...##.#.#.####...........#
# .............#.#
##...<.......# #
.............#.###.#..........#
#


You could see a deep elf blademaster, 2 deep elf elementalists, a deep elf high
priest (brilliance aura) and a deep elf pyromancer (empowered).

Vanquished Creatures
  A tentacled monstrosity (Swamp:4)
  Gastronok (Lair:1)
  8 nagarajas
  A fenstrider witch (Swamp:3)
  The ghost of Rififam the Bludgeoner, an adept GrFi of Okawaru (Snake:4)
  A deep elf sorcerer (Elf:3)
  3 deep elf elementalists (Elf:3)
  An orc warlord (Orc:2)
  3 ghouls (Swamp:3)
  2 deep elf demonologists (Elf:3)
  A bunyip (Swamp:3)
  2 eleionomae
  A minotaur (Gauntlet)
  5 deep elf annihilators (Elf:3)
  2 deep elf death magi
  The ghost of Curundu the Severer, a journeyman MiBe of Trog (Elf:1)
  A quicksilver dragon zombie (D:15)
  21 hydras
  Harold (D:9)
  A deep elf high priest (Elf:3)
  Erolcha (Orc:1)
  4 ghost crabs
  6 anacondas
  3 catoblepae
  The ghost of jasper the Thaumaturge, a journeyman SpAl of Vehumet (Lair:4)
  Erica (Lair:1)
  4 ogre magi (Orc:2)
  4 centaur warriors
  2 boulder beetles (D:15)
  6 alligators
  A merfolk avatar (Lair:5)
  30 dancing weapons
  A tengu warrior (D:15)
  31 two-headed ogres
  Urug (D:11)
  13 naga warriors
  A vampire mage (D:15)
  18 naga sharpshooters
  9 deep elf knights
  10 shock serpents
  2 salamander mystics
  Sonja (Orc:2)
  3 spriggans
  6 orc high priests
  A skyshark (Lair:3)
  7 skeletal warriors (D:15)
  2 cherubim (Elf:1)
  A spark wasp zombie (D:15)
  6 goliath frogs
  3 spriggan druids
  2 sea snakes (Lair:5)
  2 large abominations (Elf:1)
  4 naga ritualists
  9 mana vipers
  A death drake (Swamp:3)
  Pikel (D:9)
  4 bog bodies (Swamp:3)
  An orc knight (Orc:2)
  5 necromancers
  16 swamp dragons
  24 deep elf zephyrmancers
  A harpy (Lair:5)
  11 deep elf archers
  13 deep elf pyromancers
  4 manticores
  4 ugly things
  2 orc sorcerers (Orc:1)
  5 will-o-the-wisps
  Maurice (D:9)
  9 salamanders
  6 cyclopes
  A meliai (shapeshifter) (D:13)
  A guardian serpent (Snake:4)
  9 elephants
  33 black mambas
  An ice statue (IceCv)
  19 naga magi
  Joseph (Lair:1)
  A kobold blastminer (Orc:1)
  Maggie (D:7)
  3 gargoyles
  8 cane toads
  The ghost of MichKnight the Conjurer, a novice DrCj (D:6)
  A torpor snail (Lair:5)
  4 kobold demonologists
  4 molten gargoyles (Elf:2)
  3 freezing wraiths
  10 ice devils (IceCv)
  An anaconda simulacrum (IceCv)
  5 rime drakes
  14 komodo dragons
  7 polar bears
  9 trolls
  A snapping turtle (Lair:5)
  11 tyrant leeches
  Prince Ribbit (D:7)
  6 dream sheep (Lair:3)
  4 bloated husks
  17 blink frogs
  2 hornets
  A slime creature (D:10)
  A spriggan skeleton (D:15)
  An air elemental (Elf:2)
  2 shadows
  Sigmund (D:2)
  A yak (shapeshifter) (Elf:1)
  42 yaks
  A spriggan (shapeshifter) (D:14)
  8 wyverns
  A water elemental (Elf:3)
  5 wraiths
  5 dire elephant simulacra (IceCv)
  2 fire bats (Elf:2)
  6 basilisks
  3 steam dragons
  6 fire elementals
  5 vampire mosquitoes
  A warg (Orc:2)
  Menkaure (D:5)
  3 death yak simulacra (IceCv)
  57 nagas
  2 harpy simulacra (IceCv)
  24 swamp worms
  3 hydra simulacra (IceCv)
  11 water moccasins
  An acid dragon (D:11)
  6 swamp drakes (Swamp:4)
  3 laughing skulls (Gauntlet)
  A boulder beetle simulacrum (Lair:4)
  37 orc warriors
  3 ice beasts
  3 sky beasts
  5 black bears
  41 ogres
  4 wolves (Lair:2)
  3 lemures (D:9)
  7 centaurs
  4 elf zombies (Elf:1)
  A phantom (D:3)
  2 kobold brigands
  4 two-headed ogre simulacra
  11 bullfrogs
  2 gnoll sergeants (D:10)
  3 scorpions
  2 earth elementals (Elf:3)
  5 cane toad simulacra
  7 wights
  7 elephant simulacra
  A blink frog simulacrum (Lair:4)
  A dream sheep simulacrum (Lair:4)
  4 killer bees
  A howler monkey (D:12)
  11 electric eels
  A lava snake (Lair:3)
  2 bombardier beetles
  2 hounds
  7 jellies
  10 orc priests
  A gnoll bouda (D:10)
  A sleepcap (D:5)
  Terence (D:2)
  Jessica (D:2)
  7 iguanas
  24 orc wizards
  2 troll simulacra (Orc:2)
  3 spriggan simulacra
  5 polar bear simulacra
  5 wolf simulacra
  8 mummies (Ossuary)
  Robin (D:3)
  10 adders
  20 gnolls
  A naga simulacrum (IceCv)
  A ribbon worm zombie (D:4)
  A shadow imp (D:6)
  3 white imps
  5 ufetubi
  3 ribbon worms (D:3)
  A dart slug (D:3)
  89 orcs
  11 ball pythons
  11 endoplasms
  2 giant cockroaches
  A gnoll zombie (Ossuary)
  17 hobgoblins
  8 jackals
  10 kobolds
  2 quokkas
  14 bats
  3 frilled lizards (D:1)
  30 goblins
  A hobgoblin zombie (Ossuary)
  4 kobold zombies (Ossuary)
  2 orc zombies (Ossuary)
  A rat (D:3)
1246 creatures vanquished.

Vanquished Creatures (collateral kills)
  the Lernaean hydra (Swamp:4)
  Donald (Swamp:3)
  A deep elf death mage (Elf:3)
  A boulder beetle (Lair:2)
  3 naga warriors (Snake:1)
  A mana viper (Snake:1)
  2 naga ritualists (Snake:1)
  A deep elf pyromancer (Elf:3)
  A salamander (Snake:1)
  A guardian serpent (Snake:1)
  A black mamba (Snake:1)
  A naga (Snake:1)
  A laughing skull (Gauntlet)
  A weeping skull (Gauntlet)
17 creatures vanquished.

Vanquished Creatures (others)
  A two-headed ogre (D:12)
  A mana viper (Snake:1)
  A deep elf pyromancer (Elf:2)
  A necromancer (Elf:1)
  2 deep elf zephyrmancers (Elf:1)
  A salamander (Snake:2)
  A gargoyle (D:12)
  2 bloated husks (Swamp:3)
  2 slime creatures
  2 vampire mosquitoes (D:14)
  A naga (Snake:3)
  A swamp worm (Swamp:3)
  A swamp drake (Swamp:4)
  A water moccasin (Lair:2)
  190 jellies
  2 endoplasms (Lair:4)
  2 orcs (Orc:1)
  16 foxfires
228 creatures vanquished.

Grand Total: 1491 creatures vanquished

Notes
Turn   | Place    | Note
-------+----------+-------------------------------------------
     0 | D:1      | Azoth the Draconian Conjurer began the quest for the Orb.
     0 | D:1      | Reached XP level 1. HP: 14/14 MP: 3/3
     6 | D:1      | Noticed a black bear
     6 | D:1      | Noticed a scorpion
     7 | D:1      | Noticed a rime drake
     7 | D:1      | Noticed an anaconda
   211 | D:1      | Reached XP level 2. HP: 20/20 MP: 0/5
   311 | D:1      | Found Jextig's General Store.
   529 | D:1      | Learned a level 2 spell: Searing Ray
  1075 | D:2      | Reached XP level 3. HP: 23/26 MP: 0/6
  1373 | D:2      | Reached skill level 5 in Conjurations
  1446 | D:2      | Noticed Sigmund
  1533 | D:2      | Killed Sigmund
  1534 | D:2      | Reached skill level 6 in Conjurations
  1534 | D:2      | Reached XP level 4. HP: 31/33 MP: 0/8
  1534 | D:2      | Reached XP level 5. HP: 36/38 MP: 0/9
  1729 | D:2      | Noticed Jessica
  1731 | D:2      | Killed Jessica
  1861 | D:2      | Noticed Terence
  1866 | D:2      | Killed Terence
  1867 | D:2      | Reached XP level 6. HP: 45/45 MP: 4/10
  2448 | D:3      | Noticed Robin
  2495 | D:3      | Killed Robin
  3238 | D:3      | Found a shadowy altar of Dithmenos.
  3497 | D:3      | You fall into a shaft and drop 3 floors!
  3501 | D:5      | Entered Level 5 of the Dungeon
  3519 | D:5      | Your scales start taking on a pale cyan-grey colour.
  3519 | D:5      | Reached XP level 7. HP: 51/51 MP: 5/13
  3519 | D:5      | Gained mutation: You are immune to the effects of steam.
                  | [Pale Draconian growth]
  3885 | D:4      | Reached skill level 7 in Conjurations
  3966 | D:4      | Identified the +4 dire flail "Xyrischi" {flame, rC+ Will-
                  | Int+4}
  4117 | D:4      | Found a sand-covered staircase.
  4129 | Ossuary  | Entered an ossuary
  5766 | D:5      | Noticed Menkaure
  5771 | D:4      | Reached skill level 5 in Spellcasting
  6132 | D:5      | Killed Menkaure
  6133 | D:5      | Reached skill level 1 in Fighting
  6133 | D:5      | Reached XP level 8. HP: 59/59 MP: 15/15
  6222 | D:5      | Reached skill level 1 in Maces & Flails
  6855 | D:5      | Learned a level 4 spell: Iskenderun's Mystic Blast
  7120 | D:6      | Found a staircase to the Ecumenical Temple.
  7127 | D:6      | Reached skill level 8 in Conjurations
  7639 | D:6      | Reached XP level 9. HP: 68/68 MP: 13/18
  7694 | D:6      | Found a runed translucent door.
  7694 | D:6      | Noticed MichKnight's ghost (novice DrCj)
  7983 | D:6      | Reached skill level 5 in Dodging
  8339 | D:6      | Noticed a kobold demonologist
  8344 | D:6      | Noticed an ice devil
  8345 | D:6      | Noticed a red devil
  8346 | D:6      | Noticed a hellwing
  8643 | D:6      | Noticed a hellwing
  8643 | D:6      | Killed a kobold demonologist
  8833 | D:6      | Killed MichKnight's ghost
  9093 | D:7      | Reached skill level 9 in Conjurations
  9674 | D:7      | Reached XP level 10. HP: 55/74 MP: 10/20
 10022 | D:7      | Noticed Maggie
 10042 | D:7      | Killed Maggie
 10285 | D:7      | Noticed Prince Ribbit
 10298 | D:7      | Found a shimmering altar of Xom.
 10304 | D:7      | Killed Prince Ribbit
 10306 | D:7      | Found an ornate altar of the Wu Jian Council.
 10307 | D:7      | Found a stormy altar of Qazlal.
 10367 | D:7      | Found a glowing silver altar of Zin.
 10369 | D:7      | Found a blossoming altar of Fedhas.
 10457 | D:8      | Reached skill level 10 in Conjurations
 10540 | D:8      | Reached skill level 5 in Stealth
 11038 | D:8      | Noticed a two-headed ogre
 11039 | D:8      | Found a flagged portal.
 11052 | Bailey   | Entered a bailey
 11372 | Bailey   | Noticed an orc high priest
 11381 | Bailey   | Killed an orc high priest
 11510 | Bailey   | Acquired the +2 pair of gloves of Resourcefulness {rF-
                  | Int+3}
 11630 | Bailey   | Found an iron altar of Okawaru.
 11631 | Bailey   | Identified the +0 falchion "Iwnomnun" {freeze, rElec rCorr}
 11656 | Bailey   | Reached skill level 1 in Translocations
 11922 | Bailey   | Identified the +10 scale mail of Honesty {rC++ Regen+}
 12131 | Bailey   | Noticed an orc high priest
 12143 | Bailey   | Noticed a soul eater
 12148 | Bailey   | Killed an orc high priest
 12184 | Bailey   | Reached XP level 11. HP: 50/82 MP: 7/23
 12325 | Bailey   | Reached skill level 11 in Conjurations
 12325 | Bailey   | Reached XP level 12. HP: 48/92 MP: 23/25
 12421 | D:9      | Killed a two-headed ogre
 12683 | D:9      | Noticed Maurice
 13267 | D:9      | Killed Maurice
 13649 | D:9      | Noticed Pikel
 13809 | D:9      | Noticed Harold
 13811 | D:9      | Noticed a two-headed ogre
 13827 | D:9      | Killed Pikel
 13853 | D:9      | Killed a two-headed ogre
 13999 | D:9      | Killed Harold
 14206 | D:9      | Found a glowing golden altar of the Shining One.
 14263 | D:10     | Entered Level 10 of the Dungeon
 14619 | D:10     | Found a white marble altar of Elyvilon.
 14652 | D:10     | Noticed a two-headed ogre
 14671 | D:10     | Reached skill level 10 in Spellcasting
 14685 | D:10     | Killed a two-headed ogre
 14686 | D:10     | Reached skill level 12 in Conjurations
 15435 | D:10     | Found a staircase to the Orcish Mines.
 15846 | D:10     | Noticed a two-headed ogre
 15870 | D:10     | Killed a two-headed ogre
 16376 | D:10     | Noticed a two-headed ogre
 16379 | D:10     | Killed a two-headed ogre
 16802 | D:10     | Found a staircase to the Lair.
 16843 | D:10     | Found a viscous altar of Jiyva.
 16851 | D:10     | Became a worshipper of Jiyva Jesisaos the Shapeless
 20326 | D:11     | Reached XP level 13. HP: 88/99 MP: 11/27
 20426 | D:11     | Noticed Urug
 20457 | D:11     | Killed Urug
 23605 | D:11     | Gained mutation: Your large and strong wings let you fly.
                  | [potion of mutation]
 23605 | D:11     | Gained mutation: You are somewhat resistant to further
                  | mutation. [potion of mutation]
 25268 | D:12     | Reached * piety under Jiyva
 25531 | D:12     | Reached skill level 13 in Conjurations
 30287 | D:13     | Learned a level 3 spell: Ozocubu's Armour
 30548 | D:13     | Found Fylyot's Distillery.
 30637 | D:13     | Reached ** piety under Jiyva
 33271 | D:14     | Found a gate to the Vaults.
 33358 | D:13     | Acquired a book of Dangerous Friends
 33368 | D:13     | Learned a level 7 spell: Orb of Destruction
 33419 | D:14     | Reached skill level 5 in Fighting
 33860 | D:15     | Entered Level 15 of the Dungeon
 34086 | D:15     | HP: 6/150 [green ugly thing (7)]
 34087 | D:15     | Reached skill level 5 in Maces & Flails
 34190 | D:15     | Reached *** piety under Jiyva
 34193 | D:15     | Lost mutation: You are somewhat resistant to further
                  | mutation. [Jiyva's grace]
 34193 | D:15     | Gained mutation: You have hidden genetic potential.
                  | [Jiyva's grace]
 34193 | D:15     | Gained mutation: You have great hidden genetic potential.
                  | [Jiyva's grace]
 34193 | D:15     | Gained mutation: You are agile. (Dex +4, Str/Int -1)
                  | [Jiyva's grace]
 34193 | D:15     | Gained mutation: You are very agile. (Dex +8, Str/Int -2)
                  | [Jiyva's grace]
 34411 | D:15     | Noticed a jiangshi
 34636 | D:15     | Found a staircase to the Depths.
 34727 | D:15     | Acquired the +1 pair of boots "Ziekuz" {Will+}
 34853 | D:15     | Reached XP level 14. HP: 93/107 MP: 24/30
 35060 | D:15     | Reached **** piety under Jiyva
 35091 | D:15     | Reached skill level 10 in Dodging
 35893 | D:13     | You are sucked into a shaft and drop 2 floors!
 36064 | Lair:1   | Entered Level 1 of the Lair of Beasts
 36361 | Lair:1   | Reached skill level 14 in Conjurations
 36490 | Lair:1   | Noticed Gastronok
 36504 | Lair:1   | Killed Gastronok
 36696 | Lair:1   | Noticed Erica
 36703 | Lair:1   | Killed Erica
 36742 | Lair:1   | Noticed Joseph
 36755 | Lair:1   | Killed Joseph
 37218 | Lair:2   | Reached ***** piety under Jiyva
 37552 | Lair:2   | Lost mutation: You are very agile. (Dex +8, Str/Int -2)
                  | [Jiyva's grace]
 37552 | Lair:2   | Gained mutation: You have a pair of small horns on your
                  | head. [Jiyva's grace]
 37552 | Lair:2   | Gained mutation: You have a pair of horns on your head.
                  | [Jiyva's grace]
 37552 | Lair:2   | Gained mutation: You have a pair of large horns on your
                  | head. [Jiyva's grace]
 37552 | Lair:2   | Gained mutation: You are robust. (+10% HP) [Jiyva's grace]
 37617 | Lair:2   | Gained mutation: You expend magic power (3 MP) to
                  | strengthen your wands. [hidden potential]
 37933 | Lair:2   | Found a staircase to the Snake Pit.
 38369 | Lair:3   | Found a gate leading to a gauntlet.
 38382 | Lair:3   | Found a blossoming altar of Fedhas.
 38390 | Gauntlet | Entered a Gauntlet
 38390 | Gauntlet | Found a transporter.
 38390 | Gauntlet | Found a transporter.
 38394 | Gauntlet | Found a transporter.
 38394 | Gauntlet | Found a transporter.
 38402 | Gauntlet | Found a transporter.
 38413 | Gauntlet | Found a transporter.
 38416 | Gauntlet | Found a transporter.
 38421 | Gauntlet | Found a transporter.
 38424 | Gauntlet | Found a transporter.
 38428 | Gauntlet | Found a transporter.
 38453 | Gauntlet | Found a transporter.
 38492 | Gauntlet | Found a transporter.
 38510 | Gauntlet | Found a transporter.
 38523 | Gauntlet | Found a transporter.
 38625 | Gauntlet | Found a transporter.
 38642 | Gauntlet | Found a transporter.
 38933 | Gauntlet | Identified the +0 helmet of Grace {Will+ MP+9}
 39165 | Gauntlet | Identified the +8 hand axe of Veanoiha {heavy, +Blink Dex+7
                  | Stlth+}
 39300 | Lair:3   | Lost mutation: You have a pair of large horns on your head.
                  | [Jiyva's grace]
 39300 | Lair:3   | Lost mutation: You have a pair of horns on your head.
                  | [Jiyva's grace]
 39300 | Lair:3   | Lost mutation: You are robust. (+10% HP) [Jiyva's grace]
 39300 | Lair:3   | Lost mutation: You have great hidden genetic potential.
                  | [Jiyva's grace]
 39300 | Lair:3   | Gained mutation: Your translucent skin slightly reduces
                  | your foes' accuracy. (Stealth+) [Jiyva's grace]
 39300 | Lair:3   | Gained mutation: Your translucent skin reduces your foes'
                  | accuracy. (Stealth+) [Jiyva's grace]
 39300 | Lair:3   | Gained mutation: Your transparent skin significantly
                  | reduces your foes' accuracy. (Stealth+) [Jiyva's grace]
 39300 | Lair:3   | Gained mutation: Your mind is acute. (Int +4, Str/Dex -1)
                  | [Jiyva's grace]
 39324 | Lair:3   | Found a staircase to the Swamp.
 39804 | Lair:3   | Reached ****** piety under Jiyva
 40078 | Lair:4   | Found a staircase to the Slime Pits.
 40322 | Lair:4   | Found a runed translucent gate.
 40322 | Lair:4   | Found a runed translucent gate.
 40322 | Lair:4   | Found a runed translucent gate.
 40396 | Lair:4   | Reached skill level 15 in Conjurations
 40396 | Lair:4   | Reached XP level 15. HP: 101/113 MP: 23/32
 40644 | Lair:4   | Found a burning altar of Makhleb.
 40665 | Lair:4   | Noticed jasper's ghost (journeyman SpAl)
 40780 | Lair:4   | Killed jasper's ghost
 40849 | Lair:4   | Got the ring "Zies" {Fire Slay+4}
 40918 | Slime:1  | Entered Level 1 of the Pits of Slime
 40918 | Slime:1  | Noticed an azure jelly
 40918 | Slime:1  | Noticed an acid blob
 40918 | Slime:1  | Noticed a rockslime
 40923 | Slime:1  | Noticed an azure jelly
 40943 | Slime:1  | Noticed a rockslime
 41097 | Slime:2  | Noticed a rockslime
 41352 | Slime:4  | Noticed a rockslime
 41354 | Slime:4  | Noticed a rockslime
 41375 | Slime:4  | Noticed an acid blob
 41402 | Slime:4  | Noticed a rockslime
 41405 | Slime:4  | Noticed an acid blob
 41532 | Slime:3  | Noticed an acid blob
 41649 | Slime:5  | Entered Level 5 of the Pits of Slime
 41654 | Slime:5  | Identified the +3 scimitar "Nok Arogh" {vamp, Will- Dex+5}
 41657 | Slime:5  | Noticed an acid blob
 41663 | Slime:5  | Got the Cyclopedia of Transmogrification and Ice
 41664 | Slime:5  | Identified the +0 robe of Generosity {Dex+2}
 41666 | Slime:5  | Got the Elucidation of Excruciating Transmogrification
 41674 | Slime:5  | Noticed an azure jelly
 41675 | Slime:5  | Found a viscous altar of Jiyva.
 41680 | Slime:5  | Identified the +0 flail "Toaff" {flame, rElec Dex+6 SInv
                  | Stlth-}
 41681 | Slime:5  | Noticed an acid blob
 41699 | Slime:5  | Identified the amulet "Temew" {Fly Regen+ Str+3}
 41700 | Slime:5  | Noticed an acid blob
 41704 | Slime:5  | Got a slimy rune of Zot
 41706 | Slime:5  | Got Sif Muna's Compendium of the Barrage
 41709 | Slime:5  | Noticed an azure jelly
 41720 | Slime:5  | Identified the +6 rapier of Pain and Death {pain, rElec
                  | Str-5 Dex+6}
 41723 | Slime:5  | Identified the staff "Yginahic" {rPois rF+ Will+ Int-2
                  | Fire}
 41738 | Slime:5  | Identified the +7 quarterstaff "Wink" {venom, rElec rF+++
                  | Str-4 Int+2}
 41746 | Slime:5  | Noticed an acid blob
 41803 | Slime:5  | Noticed a rockslime
 41862 | Slime:5  | Noticed an acid blob
 41997 | Slime:5  | Noticed an azure jelly
 42000 | Slime:5  | Noticed the Royal Jelly
 42081 | Slime:5  | Reached XP level 16. HP: 122/122 MP: 30/33
 42090 | Slime:5  | Learned a level 7 spell: Spellforged Servitor
 42148 | Slime:2  | Noticed an acid blob
 42159 | Slime:2  | Noticed an acid blob
 42237 | Slime:2  | Noticed an acid blob
 42398 | Slime:4  | Noticed an acid blob
 42456 | Slime:4  | Noticed an acid blob
 42629 | Slime:1  | Noticed an acid blob
 42934 | Swamp:1  | Entered Level 1 of the Swamp
 43017 | Lair:2   | Upgraded the game from 0.32-a0-20-ge526923d97 to
                  | 0.32-a0-22-g6ae6769602
 43037 | Snake:1  | Entered Level 1 of the Snake Pit
 43440 | Snake:1  | Was placed under penance by Jiyva
 43928 | Snake:1  | Was forgiven by Jiyva
 44053 | Snake:1  | Gained mutation: Your flesh is cold resistant. (rC+)
                  | [hidden potential]
 44053 | Snake:1  | Lost mutation: You have hidden genetic potential. [hidden
                  | potential expressed]
 44195 | Snake:1  | Was placed under penance by Jiyva
 48021 | Snake:1  | Glimpsed the power of Zot.
 48051 | Snake:2  | Was forgiven by Jiyva
 48064 | Snake:2  | Learned a level 5 spell: Fireball
 48119 | Snake:2  | Lost mutation: Your mind is acute. (Int +4, Str/Dex -1)
                  | [Jiyva's grace]
 48119 | Snake:2  | Lost mutation: Your transparent skin significantly reduces
                  | your foes' accuracy. (Stealth+) [Jiyva's grace]
 48119 | Snake:2  | Lost mutation: Your translucent skin reduces your foes'
                  | accuracy. (Stealth+) [Jiyva's grace]
 48119 | Snake:2  | Gained mutation: You are very agile. (Dex +8, Str/Int -2)
                  | [Jiyva's grace]
 48119 | Snake:2  | Gained mutation: You have acidic saliva. [Jiyva's grace]
 48119 | Snake:2  | Gained mutation: Your body has grown eyes which may confuse
                  | attackers. (Acc +3) [Jiyva's grace]
 48119 | Snake:2  | Gained mutation: Your body has grown many eyes which may
                  | confuse attackers. (Acc +5) [Jiyva's grace]
 48212 | Snake:2  | Identified the +5 rapier "Naqithr Hamo" {protect, ^Contam
                  | rCorr Int-4 Dex+4}
 48957 | Snake:3  | Reached skill level 16 in Conjurations
 49097 | Snake:3  | Reached skill level 10 in Stealth
 49549 | Snake:3  | Was placed under penance by Jiyva
 50212 | Snake:3  | Noticed Vashnia
 51276 | Snake:3  | Was forgiven by Jiyva
 51729 | Snake:3  | Reached skill level 15 in Spellcasting
 51733 | Snake:3  | Reached XP level 17. HP: 127/128 MP: 22/36
 52138 | Snake:4  | Entered Level 4 of the Snake Pit
 52147 | Snake:4  | HP: 5/128 [shock serpent (12)]
 52930 | Snake:4  | Lost mutation: You have a pair of small horns on your head.
                  | [Jiyva's grace]
 52930 | Snake:4  | Lost mutation: You are very agile. (Dex +8, Str/Int -2)
                  | [Jiyva's grace]
 52930 | Snake:4  | Lost mutation: You are agile. (Dex +4, Str/Int -1) [Jiyva's
                  | grace]
 52930 | Snake:4  | Gained mutation: Your rubbery body absorbs attacks. (AC +1,
                  | EV +1) [Jiyva's grace]
 52930 | Snake:4  | Gained mutation: Your pliable body absorbs attacks. (AC +2,
                  | EV +2) [Jiyva's grace]
 52930 | Snake:4  | Gained mutation: Your gelatinous body deflects attacks. (AC
                  | +3, EV +3) [Jiyva's grace]
 52930 | Snake:4  | Gained mutation: You possess an exceptional clarity of
                  | mind. [Jiyva's grace]
 53027 | Snake:4  | Found a runed translucent gate.
 53029 | Snake:4  | Noticed Rififam's ghost (adept GrFi)
 53033 | Snake:4  | Found a runed translucent gate.
 53033 | Snake:4  | Found a runed translucent gate.
 53278 | Snake:4  | Reached skill level 17 in Conjurations
 53524 | Snake:4  | Noticed Roxanne
 54012 | Snake:4  | Got a serpentine rune of Zot
 54242 | Snake:4  | Reached skill level 5 in Translocations
 54339 | Snake:4  | Killed Rififam's ghost
 54340 | Snake:4  | Reached skill level 1 in Ice Magic
 56022 | Lair:5   | Entered Level 5 of the Lair of Beasts
 56483 | Lair:5   | Lost mutation: You possess an exceptional clarity of mind.
                  | [Jiyva's grace]
 56483 | Lair:5   | Lost mutation: You have acidic saliva. [Jiyva's grace]
 56483 | Lair:5   | Lost mutation: Your gelatinous body deflects attacks. (AC
                  | +3, EV +3) [Jiyva's grace]
 56483 | Lair:5   | Lost mutation: Your translucent skin slightly reduces your
                  | foes' accuracy. (Stealth+) [Jiyva's grace]
 56483 | Lair:5   | Gained mutation: You are agile. (Dex +4, Str/Int -1)
                  | [Jiyva's grace]
 56483 | Lair:5   | Gained mutation: You are very agile. (Dex +8, Str/Int -2)
                  | [Jiyva's grace]
 56483 | Lair:5   | Gained mutation: You have a small jelly attached to you
                  | that may absorb projectiles. [Jiyva's grace]
 56483 | Lair:5   | Gained mutation: Your spells are a little harder to cast,
                  | but a little more powerful. [Jiyva's grace]
 56855 | Lair:5   | Identified the +6 morningstar "Qixavez" {drain, ^Drain
                  | rPois Will++ SInv}
 57231 | Lair:4   | You are sucked into a shaft and drop 1 floor!
 58119 | Swamp:2  | Reached XP level 18. HP: 134/135 MP: 32/38
 58340 | Swamp:2  | You are sucked into a shaft and drop 1 floor!
 58390 | Swamp:3  | Reached skill level 18 in Conjurations
 58766 | Swamp:3  | Identified the amulet of Liberalism {Acrobat Will+ Regen+
                  | Str+3}
 58897 | Swamp:3  | Noticed Donald
 58933 | Swamp:3  | Killed Donald
 59350 | Swamp:3  | Lost mutation: Your body has grown many eyes which may
                  | confuse attackers. (Acc +5) [Jiyva's grace]
 59350 | Swamp:3  | Gained mutation: You have a small jelly attached to you
                  | that senses nearby items. [Jiyva's grace]
 59350 | Swamp:3  | Gained mutation: Your tail ends in a venomous barb.
                  | [Jiyva's grace]
 59350 | Swamp:3  | Gained mutation: Your tail ends in a sharp venomous barb.
                  | [Jiyva's grace]
 59350 | Swamp:3  | Gained mutation: Your tail ends in a wickedly sharp and
                  | venomous barb. [Jiyva's grace]
 59878 | Swamp:4  | Entered Level 4 of the Swamp
 59893 | Swamp:4  | Identified the +2 chain mail "Jaurph" {rElec}
 60092 | Swamp:4  | Identified the +1 chain mail "Fasemn" {Str+2 Stlth+}
 60232 | Swamp:4  | Noticed the 27-headed Lernaean hydra
 60378 | Swamp:4  | Noticed a tentacled monstrosity
 60491 | Swamp:4  | Killed the 27-headed Lernaean hydra
 60631 | Swamp:4  | Got a decaying rune of Zot
 60694 | Swamp:4  | Killed a tentacled monstrosity
 60859 | Swamp:4  | Identified the +6 chain mail "Kecariq" {+Inv rN+++ Str+3
                  | Dex-3}
 61281 | Orc:1    | Entered Level 1 of the Orcish Mines
 61297 | Orc:1    | Paralysed by an orc sorcerer for 5 turns
 61649 | Orc:1    | Noticed Erolcha
 61700 | Orc:1    | Killed Erolcha
 62046 | Orc:2    | Entered Level 2 of the Orcish Mines
 62061 | Orc:2    | Noticed Sonja
 62072 | Orc:2    | Killed Sonja
 62082 | Orc:2    | Reached skill level 19 in Conjurations
 62387 | Orc:2    | Found a frozen archway.
 62390 | Orc:2    | Found a staircase to the Elven Halls.
 62400 | Orc:2    | Reached XP level 19. HP: 139/145 MP: 29/40
 62401 | IceCv    | Entered an ice cave
 62401 | IceCv    | Lost mutation: Your large and strong wings let you fly.
                  | [Jiyva's grace]
 62401 | IceCv    | Lost mutation: Your pliable body absorbs attacks. (AC +2,
                  | EV +2) [Jiyva's grace]
 62401 | IceCv    | Lost mutation: You have a small jelly attached to you that
                  | senses nearby items. [Jiyva's grace]
 62401 | IceCv    | Gained mutation: You have a small jelly attached to you
                  | that senses nearby items. [Jiyva's grace]
 62401 | IceCv    | Gained mutation: You are somewhat resistant to further
                  | mutation. [Jiyva's grace]
 62401 | IceCv    | Gained mutation: You are somewhat resistant to both further
                  | mutation and mutation removal. [Jiyva's grace]
 62401 | IceCv    | Gained mutation: You are almost entirely resistant to
                  | further mutation and mutation removal. [Jiyva's grace]
 62551 | IceCv    | Found an ancient bone altar of Kikubaaqudgha.
 62686 | IceCv    | Identified the ring "Misoryoq" {Fly rN+}
 62829 | Orc:2    | Found Loxkekk's Distillery.
 62829 | Orc:2    | Found Qahiocit's Antique Weapon Shop.
 62829 | Orc:2    | Found Qaxuva's Assorted Antiques.
 62829 | Orc:2    | Found Lybist's Assorted Antiques.
 62836 | Orc:2    | Bought a scroll labelled ZECANINAAW for 24 gold pieces
 63449 | Elf:1    | Entered Level 1 of the Elven Halls
 63546 | Elf:1    | Found Bed Wyat's Antique Weapon Shoppe.
 63555 | Elf:1    | Bought an ichor-stained flail for 348 gold pieces
 63555 | Elf:1    | Identified the +5 flail "Ukeud" {heavy, rPois rF+ rN+} (You
                  | bought it in a shop on level 1 of the Elven Halls)
 63659 | Elf:1    | Found a runed translucent door.
 63661 | Elf:1    | Noticed Curundu's ghost (journeyman MiBe)
 63884 | Elf:1    | Killed Curundu's ghost
 64059 | Elf:1    | Got Cigotuvi's Atlas of the Catacomb
 64211 | Elf:1    | Lost mutation: Your tail ends in a wickedly sharp and
                  | venomous barb. [Jiyva's grace]
 64211 | Elf:1    | Lost mutation: You are very agile. (Dex +8, Str/Int -2)
                  | [Jiyva's grace]
 64211 | Elf:1    | Lost mutation: Your spells are a little harder to cast, but
                  | a little more powerful. [Jiyva's grace]
 64211 | Elf:1    | Lost mutation: Your body has grown eyes which may confuse
                  | attackers. (Acc +3) [Jiyva's grace]
 64211 | Elf:1    | Gained mutation: Your tail ends in a wickedly sharp and
                  | venomous barb. [Jiyva's grace]
 64211 | Elf:1    | Gained mutation: You have large cloven feet. [Jiyva's
                  | grace]
 64211 | Elf:1    | Gained mutation: You have hoof-like feet. [Jiyva's grace]
 64211 | Elf:1    | Gained mutation: You have hooves in place of feet. [Jiyva's
                  | grace]
 64346 | Elf:1    | Got the Tempter's Parchment of Forbidden Fruit
 64701 | Elf:2    | Found a runed translucent gate.
 64702 | Elf:2    | Found a runed translucent gate.
 64703 | Elf:2    | Found a runed translucent gate.
 64737 | Elf:2    | Found Kunlucs's Antique Armour Boutique.
 64739 | Elf:2    | Found Giaps's Assorted Antiques.
 64743 | Elf:2    | Paralysed by an air elemental for 1 turns
 64864 | Elf:2    | Found Botent's Antique Weapon Shop.
 64881 | Elf:2    | Found Sokoqo's Distillery.
 64889 | Elf:2    | Bought 2 potions of curing for 72 gold pieces
 64889 | Elf:2    | Bought a potion of magic for 96 gold pieces
 64889 | Elf:2    | Bought a potion of heal wounds for 60 gold pieces
 64889 | Elf:2    | Bought 2 potions of curing for 72 gold pieces
 65099 | Elf:2    | Found Arhace's Magic Scroll Shoppe.
 65227 | Elf:2    | HP: 7/145 [+2 spectral bardiche (22)]
 65772 | Elf:3    | Entered Level 3 of the Elven Halls
 65788 | Elf:3    | Found Othue's Antique Armour Boutique.
 66003 | Elf:3    | Reached skill level 20 in Conjurations
 66122 | Elf:3    | Found Vilaosic's Distillery.
 66137 | Elf:3    | Bought a potion of heal wounds for 90 gold pieces
 66137 | Elf:3    | Bought a potion of heal wounds for 90 gold pieces
 66152 | Elf:3    | Found Jez Qazu's General Store.
 66227 | Elf:3    | Found a transporter.
 66229 | Elf:3    | Found Cefronuv's General Store.
 66252 | Elf:3    | Found a transporter.
 66265 | Elf:3    | Bought a scroll of acquirement for 780 gold pieces
 66265 | Elf:3    | Acquired 740 gold pieces
 66389 | Elf:3    | Reached XP level 20. HP: 129/147 MP: 23/42
 66409 | Elf:3    | Found Ruhyihoa's Jewellery Shop.
 66536 | Elf:3    | Identified the ring of Atov Efa {Fly Will++ Dex+2}
 66546 | Elf:3    | Killed from afar by a deep elf elementalist

Illustrated notes

Levels and vault maps discovered:
D:1:      onia_arrival_zoo_common, layout_basic, serial_shops,
          nicolae_square_shop
D:2:      layout_basic, uniq_sigmund, uniq_jessica, uniq_terence
D:3:      minmay_angry_zag, layout_loops_ring,
          mainiacjoe_overflow_cross_hatched, roderic_batcave,
          grunt_ministairs_10, wad_orctagon, uniq_robin
D:4:      layout_loops_cross, enter_ossuary_3
D:5:      layout_cave_pools, uniq_menkaure
D:6:      layout_loops_ring, minmay_temple_entry_mist,
          hellmonk_ghost_happy_afterlife, nzn_random_ring
D:7:      layout_basic, minmay_overflow_temple_star_hex, uniq_maggie,
          uniq_prince_ribbit1
D:8:      kennysheep_blocky_hall, layout_cave_pools, enter_bailey_5
D:9:      layout_rooms, nicolae_tso_swordbearing_angel, hex_medium, uniq_harold,
          uniq_pikel, uniq_maurice
D:10:     minmay_razor_zed, layout_basic, mainiacjoe_overflow_boulevard,
          david_lair_shrubbed, david_orc_3, serial_bayou_pond_e, jiyva_altar_1
D:11:     layout_basic, uniq_urug
D:12:     layout_loops_ring, minivault_26, chequers_jeans
D:13:     layout_basic, serial_shops, nicolae_shop_window_shopping
D:14:     layout_cross, david_vaults_2, minmay_misc_feat_rows,
          minmay_misc_feat_more_columns
D:15:     gammafunk_depths_entry_grave, layout_loops_corners, fountainhead
Lair:1:   layout_small_grid, serial_bayou_lagoon_b, uniq_joseph, uniq_erica,
          uniq_gastronok
Lair:2:   layout_chaotic_city, guppyfry_snake_entry_garden,
          cheibrodos_lair_lostbears
Lair:3:   layout_gridlike, mainiacjoe_swamp_entry_lozenge_pond,
          gauntlet_entry_generic, basic_altar, nicolae_quartered_pool_little,
          lemuel_fruit_tree
Lair:4:   layout_long_grid, nicolae_slime_entry_slimehenge, basic_altar,
          gammafunk_ghost_icy
Lair:5:   gammafunk_lair_ancient_temple, layout_gridlike,
          infiniplex_staircase_pool
Swamp:1:  layout_basic_swamp, hangedman_swamp_pad
Swamp:2:  layout_basic_swamp, evilmike_swamp_ruin_house_2
Swamp:3:  regret_index_all_hallows'_manor, layout_basic_swamp,
          hangedman_swamp_ruin_wall, uniq_donald
Swamp:4:  swamp_old_school, layout_basic_swamp
Snake:1:  layout_cave_pods
Snake:2:  layout_onion_interference, nicolae_twisty_statue_hallways
Snake:3:  layout_cave_town, nicolae_snake_boneroom, uniq_vashnia
Snake:4:  minmay_snake_end_coiled, layout_misc_corridors, gammafunk_ghost_split,
          library_closet, uniq_roxanne
Slime:1:  layout_caves
Slime:2:  layout_caves, cheibrodos_slime_lost_civilization_4
Slime:3:  layout_caves
Slime:4:  layout_caves
Slime:5:  slime_pit_nicolae_jellycorners
Orc:1:    lemuel_ogre_cave, layout_caves, regret_index_minedec_devilstone
Orc:2:    st_orc_ogre_mass, layout_caves, portal_ice_cave_entry_ice_simulacra,
          kennysheep_orc_chapel, uniq_sonja
Elf:1:    elf_arrival_001, layout_loops_corners, gammafunk_ghost_grave,
          serial_shops, shop, minmay_elf_necromancy, grunt_ministairs_4, pf_eden
Elf:2:    elven_hall_of_blades_hangedman_original
          [infiniplex_blade_entry_pillars], layout_rooms, serial_shops,
          nicolae_shop_temple_entry_statues_fountains, nicolae_shop_tiny_glass,
          nicolae_shop_pleasant_corner_grove, shop, nicolae_shop_peninsula,
          minivault_8
Elf:3:    minmay_elf_hall_spiked, layout_loops_cross, serial_shops,
          nicolae_shop_statue_plus, shop, nicolae_shop_just_a_little_nook, shop,
          nicolae_shop_drivethru

Skill      XL: |  1  2  3  4  5  6  7  8  9 10 11 12 13 14 15 16 17 18 19 |
---------------+----------------------------------------------------------+-----
Stealth        | 2 3 4 5 6 8 9 10 11 12 13 | 13.2
Dodging        | 2 3 4 5 7 8 9 10 11 12 13 | 13.2
Conjurations   | 6 7 8 9 10 11 12 13 15 16 17 19 20 | 20.2
Spellcasting   | 3 4 5 6 7 8 9 10 12 13 15 16 17 18 | 18.5
Fighting       | 1 2 3 4 5 6 7 |  7.3
Maces & Flails | 2 3 4 5 6 7 8 |  8.0
Translocations | 1 3 4 5 7 |  7.0
Shields        | 2 3 |  3.8
Evocations     | 2 3 4 |  4.5
Ice Magic      | 1 |  1.2
Short Blades   | |  0.4
Throwing       | |  0.4
Summonings     | |  0.7
Fire Magic     | |  0.5

Action                     |  1- 3 |  4- 6 |  7- 9 | 10-12 | 13-15 | 16-18 | 19-21 || total
---------------------------+-------+-------+-------+-------+-------+-------+-------++-------
  Melee: Short sword       |     6 |    22 |     2 |       |       |       |       ||    30
         Tailslap          |       |     3 |     1 |    13 |    32 |    64 |     9 ||   122
         Dire flail        |       |       |    33 |   100 |   109 |   236 |    39 ||   517
         Headbutt          |       |       |       |       |     7 |    32 |       ||    39
         Bite              |       |       |       |       |       |    19 |       ||    19
         Morningstar       |       |       |       |       |       |    23 |       ||    23
         Demon whip        |       |       |       |       |       |     8 |       ||     8
         Kick              |       |       |       |       |       |       |     6 ||     6
  Throw: Throwing net      |       |       |       |     3 |     2 |     1 |       ||     6
   Cast: Magic Dart        |    76 |    60 |   160 |   210 |   108 |    69 |       ||   683
         Searing Ray       |       |    25 |    63 |    84 |    81 |    72 |     5 ||   330
         Iskenderun's Myst |       |       |     2 |    68 |    91 |   123 |   239 ||   523
         Orb of Destructio |       |       |       |       |   114 |   475 |    63 ||   652
         Ozocubu's Armour  |       |       |       |       |     6 |     3 |       ||     9
         Fireball          |       |       |       |       |       |     8 |       ||     8
         Spellforged Servi |       |       |       |       |       |     7 |       ||     7
 Invoke: Oozemancy         |       |       |       |       |     3 |       |       ||     3
         Slimify           |       |       |       |       |       |     1 |       ||     1
Ability: Breathe Steam     |       |       |     7 |     8 |    17 |    13 |       ||    45
  Evoke: Wand              |       |       |       |    16 |    38 |    36 |     2 ||    92
         Tin of tremorston |       |       |       |       |     2 |     2 |       ||     4
         Box of beasts     |       |       |       |       |       |     2 |       ||     2
         Phantom mirror    |       |       |       |       |       |     1 |     1 ||     2
    Use: Potion            |       |       |    10 |     5 |     6 |     5 |     2 ||    28
         Scroll            |       |       |     9 |     8 |     7 |     8 |     4 ||    36
   Stab: Distracted        |       |       |       |     2 |       |       |       ||     2
         Paralysed         |       |       |       |       |     6 |       |       ||     6
         Confused          |       |       |       |       |       |    10 |     1 ||    11
         Petrified         |       |       |       |       |       |     2 |       ||     2
         Sleeping          |       |       |       |       |       |     1 |       ||     1
 Armour: Skin              |     9 |    39 |   165 |   242 |   367 |   628 |   146 ||  1596
  Dodge: Dodged            |    12 |    26 |   164 |   193 |   326 |   793 |   265 ||  1779
  Block: Other             |       |       |       |    49 |    77 |       |       ||   126
         Reflection        |       |       |       |     4 |     6 |       |       ||    10

Table legend: (Time is in decaauts)
 A = Elapsed time spent in this place.
 B = Non-inter-level travel time spent in this place.
 C = Inter-level travel time spent in this place.
 D = Time resting spent in this place.
 E = Time spent auto-exploring this place.
 F = Levels seen in this place.
 G = Mean time per level.
                   A        B        C        D        E       F      G
               +--------+--------+--------+--------+--------+-----+--------+
         Total |  66727 |  62569 |   4158 |  27046 |  24074 |  42 | 1588.7 |
       Dungeon |  33936 |  32307 |   1629 |  16917 |  11809 |  15 | 2262.4 |
          Lair |   5859 |   4866 |    993 |    429 |   2951 |   5 | 1171.8 |
         Swamp |   3740 |   3565 |    175 |    694 |   1775 |   4 |  935.0 |
     Snake Pit |  12857 |  12122 |    735 |   7319 |   2732 |   4 | 3214.2 |
    Slime Pits |   1909 |   1520 |    389 |      0 |   1350 |   5 |  381.8 |
  Orcish Mines |   1817 |   1677 |    140 |    385 |    837 |   2 |  908.5 |
   Elven Halls |   3116 |   3020 |     96 |     75 |   1804 |   3 | 1038.7 |
       Ossuary |    987 |    987 |      0 |    491 |    352 |   1 |  987.0 |
        Bailey |   1363 |   1363 |      0 |    526 |    334 |   1 | 1363.0 |
      Ice Cave |    346 |    346 |      0 |      0 |    129 |   1 |  346.0 |
      Gauntlet |    793 |    793 |      0 |    210 |      0 |   1 |  793.0 |
               +--------+--------+--------+--------+--------+-----+--------+

Top non-repeatable levels by time:
    D:12: 5715 daAuts
    D:10: 5703 daAuts
 Snake:1: 5219 daAuts
    D:11: 4775 daAuts
 Snake:4: 3229 daAuts
    D:13: 3211 daAuts
 Snake:3: 2408 daAuts
    D:15: 2018 daAuts
 Snake:2: 2000 daAuts
     D:6: 1996 daAuts
 Swamp:3: 1595 daAuts
     D:4: 1534 daAuts
     D:9: 1379 daAuts
  Bailey: 1363 daAuts
     D:3: 1345 daAuts
